 Dungeon Crawl Stone Soup version 0.20-a0-984-ge8aa303 (webtiles) character file.

74858 Hybris the Whirler (level 15, -16/102 HPs)
             Began as a Halfling Hunter on Apr 10, 2017.
             Was the Champion of Hepliaklqana.
             Demolished by a death yak (21 damage)
             ... while paralysed
             ... on level 6 of the Lair of Beasts.
             The game lasted 01:33:32 (24250 turns).

Hybris the Whirler (Halfling Hunter)               Turns: 24250, Time: 01:33:32

Health: -16/102    AC:  7    Str: 13    XL:     15   Next: 95%
Magic:  23/23      EV:  3    Int:  9    God:    Hepliaklqana [******]
Gold:   1124       SH:  0    Dex: 30    Spells: 14/14 levels left

rFire    + + .     SeeInvis .   B - +4 dagger (speed)
rCold    . . .     Gourm    .   P - +2 buckler
rNeg     . . .     Faith    .   O - +2 leather armour {rF+}
rPois    .         Spirit   .   x - +0 hat of Valiance {Dex+4} (curse)
rElec    .         Reflect  .   I - +0 cloak {MR+}
rCorr    .         Harm     .   (no gloves)
MR       ++...                  Q - +0 pair of boots
Stlth    ++........             U - amulet of rage
Regen    0.3/turn               K - ring of protection from fire
MPRegen  0.2/turn               H - +4 ring of dexterity

@: paralysed, exhausted, slowed
A: reduced essence, mutation resistance 1
a: Recall Ancestor, Ancestor Identity, Transference, Idealise, Renounce
Religion, Evoke Berserk Rage


You were on level 6 of the Lair of Beasts.
You worshipped Hepliaklqana.
Hepliaklqana was exalted by your worship.
You were near starving.

You visited 2 branches of the dungeon, and saw 17 of its levels.
You also visited: Ice Cave and Volcano.

You collected 1529 gold pieces.
You spent 405 gold pieces at shops.

Inventory:

Hand Weapons
 B - a +4 dagger of speed (weapon)
 M - a +2 dagger of holy wrath
 S - a +7 hunting sling of flaming
Missiles
 d - 64 sling bullets
 k - 214 stones (quivered)
Armour
 c - a +1 leather armour
 x - the cursed +0 hat of Valiance (worn) {Dex+4}
   (You found it in a volcano)

   It affects your dexterity (+4).
   It has a curse placed upon it.
 I - a +0 cloak of magic resistance (worn)
 O - a +2 leather armour of fire resistance (worn)
 P - a +2 buckler (worn)
 Q - a +0 pair of boots (worn)
Jewellery
 l - an uncursed ring of poison resistance
 n - an uncursed ring of protection from magic
 p - a +3 ring of dexterity
 t - an uncursed ring of protection from cold {unknown}
 H - a +4 ring of dexterity (right hand)
 K - a ring of protection from fire (left hand)
 L - an uncursed ring of stealth
 U - an amulet of rage (around neck)
Wands
 b - a wand of iceblast (0/15)
 u - a wand of paralysis (6/24)
 v - a wand of iceblast (0/15)
 y - a wand of lightning (0/15)
 F - a wand of iceblast (6/15)
 R - a wand of paralysis (2/24)
 T - a wand of confusion (24/48)
Scrolls
 a - 6 scrolls of magic mapping
 e - 3 scrolls of identify
 m - 6 scrolls of remove curse
 r - 4 scrolls of teleportation
 w - 5 scrolls of amnesia
 E - a scroll of enchant armour
 J - 3 scrolls of fog
Potions
 g - 3 potions of might
 h - a potion of brilliance {unknown}
 i - 4 potions of agility
 s - 4 potions of resistance
 z - a potion of flight
 A - a potion of heal wounds
 C - 6 potions of curing
 G - a potion of cancellation {unknown}
Comestibles
 f - 5 bread rations
 j - 26 fruits
 o - 27 royal jellies
 D - 7 meat rations


   Skills:
 * Level 14.3 Fighting
 - Level 12.0 Short Blades
 * Level 15.3 Slings
 - Level 3.2 Armour
 - Level 10.0 Dodging
 - Level 1.1 Stealth
 - Level 7.1 Shields
 + Level 10.7 Invocations


You had 14 spell levels left.
You didn't know any spells.

Dungeon Overview and Level Annotations

Branches:
Dungeon (11/15)              Lair (6/6) D:10          Swamp (0/4) Lair:4
  Snake (0/4) Lair:4        Slime (0/5) Lair:6          Orc (0/2) D:11
 Temple: D:4-7

Altars:
Ashenzari
Dithmenos
Fedhas
Gozag
Hepliaklqana
Kikubaaqudgha
Makhleb
Ru
Trog
Uskayaw
Vehumet
Wu Jian
Zin
The Shining One
Jiyva

Shops:
D:11 !

Annotations:
D:5 5 runed doors


Innate Abilities, Weirdness & Mutations

You are small and have problems with some larger weapons.
You are somewhat resistant to further mutation.
Your life essence is reduced. (-10% HP)


Message History

The death yak is severely wounded.
You puncture the death yak!
The death yak is almost dead.
You hit the death yak but do no damage.
The death yak is almost dead.
The death yak gores you!
You hit the death yak.
The death yak is almost dead.
You hit the death yak but do no damage.
The death yak is almost dead.
You are no longer berserk.
You pass out from exhaustion.
You feel yourself slow down.
The death yak gores you but does no damage.
The death yak gores you!
* * * LOW HITPOINT WARNING * * *
The death yak gores you!!
* * * LOW HITPOINT WARNING * * *
The death yak gores you!!
You die...

,**,,,,#..*##.#.P....###.##.##...
,*,*,,,..,,.........#########P...
,,,,,,,,,,,...........#.#...#....
,,,,,,,,,,....................†<.
,,,,,,,,,......P.................
,,,,,,,,.#.#..##P................
,,,,,,,.########....####.........
,,,,,Y,,* ####Y.....####..###...
**,,.YY#####Y#.#@.....##..###P...
**,,..Y(.(YYYY.Y+...P.##P.##.....
,,,,...'.(..YY##.....###..###....
,,,,...#..P.Y#.##.........####...
,*,,....##...####....#....P###...
,,,,...#..#..#*,#.....#...###....
*,,,..,#.....##.....####..##.P...
,,,,.,...P...#..P.....##..#R.....
,,,,,................<...........


You could see 4 death yaks and 5 yaks.

Vanquished Creatures
  A stone giant (Volcano)
  2 hydras (Lair:4)
  The ghost of no0bjke the Blocker, a journeyman GrFi of Okawaru (D:11)
  2 death yaks (Lair:6)
  Nergalle (D:10)
  Sonja (D:10)
  3 lindwurms (Lair:6)
  An ugly thing (D:11)
  A manticore (Lair:4)
  2 elephants
  Joseph (Lair:1)
  Maurice (D:9)
  2 black mambas
  2 molten gargoyles
  8 spiny frogs
  A gargoyle (Volcano)
  2 rime drakes
  4 komodo dragons
  A kobold demonologist (D:11)
  A queen bee (Lair:3)
  13 hippogriffs
  7 blink frogs
  5 dream sheep
  A fire bat (Volcano)
  2 wraiths (D:11)
  5 wyverns
  7 basilisks
  5 yaks
  A hungry ghost (D:11)
  Edmund (D:6)
  A soldier ant (D:11)
  8 water moccasins
  Duvessa (D:7)
  7 porcupines
  3 orc warriors (D:11)
  3 wolves (IceCv)
  2 ogres
  2 centaurs (D:5)
  7 crocodiles
  2 big kobolds
  9 bullfrogs
  A gnoll sergeant (D:11)
  Dowan (D:7)
  2 earth elementals (Volcano)
  3 scorpions
  57 killer bees
  3 howler monkeys
  3 crimson imps
  9 lava snakes
  4 hounds
  A jelly (D:11)
  A bullfrog skeleton (D:6)
  5 orc priests
  A battlemage (D:11)
  7 orc wizards
  8 worker ants
  A hound skeleton (D:7)
  A howler monkey zombie (D:8)
  A worker ant zombie (D:7)
  10 adders
  8 gnolls
  3 oozes (D:11)
  An adder zombie (D:5)
  3 worms (D:2)
  2 dart slugs
  2 leopard geckos
  39 orcs
  3 giant cockroaches
  9 goblins
  12 hobgoblins
  5 jackals
  A ball python (D:1)
  8 bats
  5 frilled lizards
  A jackal zombie (D:8)
  26 kobolds
  A leopard gecko skeleton (D:4)
  A quokka skeleton (D:6)
  8 rats
  A fungus (Lair:6)
388 creatures vanquished.

Vanquished Creatures (collateral kills)
  The ghost of magipi the Carver, a journeyman BuBe of Trog (Volcano)
  Josephine (D:11)
  2 hydras (Lair:4)
  Erica (D:11)
  A catoblepas (Lair:2)
  A death yak (Lair:6)
  A lindwurm (Lair:6)
  2 oklob plants (Lair:3)
  2 molten gargoyles
  4 elephants
  A black mamba (Lair:2)
  Psyche (D:8)
  4 spiny frogs
  4 rime drakes (Lair:4)
  An efreet (Volcano)
  2 komodo dragons
  A slime creature (D:11)
  6 blink frogs
  6 dream sheep
  12 hippogriffs
  2 wraiths (D:11)
  4 wyverns
  Eustachio (D:6)
  10 yaks
  A fire bat (Volcano)
  5 basilisks
  4 hell hounds (Lair:4)
  10 water moccasins
  A sky beast (D:5)
  A swamp drake (D:11)
  3 porcupines
  2 orc warriors
  3 ogres
  4 wolves
  4 crocodiles
  3 big kobolds
  4 bullfrogs
  30 killer bees
  3 lava snakes
  2 crimson imps
  2 hounds
  2 jellies (D:11)
  An orc wizard (D:10)
  A centaur skeleton (D:11)
  6 orc priests
  An iguana (D:8)
  4 worker ants
  3 gnolls (D:10)
  4 adders
  A shadow imp (D:10)
  2 oozes (D:11)
  7 orcs
  A hobgoblin (D:4)
  A jackal (D:4)
  7 kobolds
  A quokka (D:7)
  A bat (D:2)
  2 fungi
198 creatures vanquished.

Vanquished Creatures (others)
  A gargoyle (Volcano)
  2 polar bears (IceCv)
  4 dream sheep (Lair:6)
  2 yaks (IceCv)
  A wolf (IceCv)
  A worker ant (D:5)
  15 battlemagi
  3 ancestors
  7 fungi
  4 plants
40 creatures vanquished.

Grand Total: 626 creatures vanquished

Notes
Turn   | Place    | Note
-------+----------+-------------------------------------------
     0 | D:1      | Hybris the Halfling Hunter began the quest for the Orb.
     0 | D:1      | Reached XP level 1. HP: 14/14 MP: 1/1
    21 | D:1      | Reached skill level 6 in Slings
   227 | D:1      | Reached XP level 2. HP: 13/19 MP: 2/2
   883 | D:2      | Reached XP level 3. HP: 24/24 MP: 3/3
  1326 | D:2      | Found a radiant altar of Vehumet.
  1327 | D:2      | Found a glowing silver altar of Zin.
  1335 | D:2      | Reached XP level 4. HP: 29/29 MP: 4/4
  1415 | D:2      | Reached skill level 7 in Slings
  1620 | D:2      | Found a hazy altar of Hepliaklqana.
  1634 | D:2      | Became a worshipper of Hepliaklqana the Forgotten
  2041 | D:3      | Reached XP level 5. HP: 30/30 MP: 5/5
  2684 | D:3      | Reached * piety under Hepliaklqana
  2820 | D:3      | Reached skill level 8 in Slings
  3023 | D:3      | Reached XP level 6. HP: 35/35 MP: 6/6
  3321 | D:4      | Reached skill level 5 in Dodging
  3361 | D:4      | Reached skill level 9 in Slings
  3370 | D:4      | Reached XP level 7. HP: 35/39 MP: 7/7
  4251 | D:4      | Reached skill level 1 in Short Blades
  4498 | D:5      | Entered Level 5 of the Dungeon
  4538 | D:5      | Reached skill level 10 in Slings
  4547 | D:5      | Reached XP level 8. HP: 26/44 MP: 8/8
  4930 | D:5      | Found a runed gate.
  4932 | D:5      | Found a runed gate.
  4932 | D:5      | Found a runed gate.
  4964 | D:5      | Found a runed door.
  5008 | D:5      | Reached skill level 11 in Slings
  5063 | D:5      | Found a shadowy altar of Dithmenos.
  5128 | D:5      | Reached ** piety under Hepliaklqana
  5130 | D:5      | Remembered your ancestor Wilfreda as a battlemage
  5272 | D:5      | Found a runed door.
  5321 | D:6      | Noticed Eustachio
  5332 | D:6      | Killed Eustachio
  5512 | D:6      | Reached XP level 9. HP: 48/48 MP: 9/9
  5663 | D:6      | Reached skill level 12 in Slings
  5869 | D:6      | Found a blossoming altar of Fedhas.
  5869 | D:6      | Found a shattered altar of Ashenzari.
  6157 | D:6      | Reached skill level 5 in Short Blades
  6278 | D:6      | Found a sacrificial altar of Ru.
  6278 | D:6      | Noticed Edmund
  6295 | D:6      | Killed Edmund
  6646 | D:7      | Noticed Duvessa
  6665 | D:7      | Killed Duvessa
  6674 | D:7      | Noticed Dowan
  6677 | D:7      | Killed Dowan
  6677 | D:7      | Reached skill level 13 in Slings
  6759 | D:7      | Noticed a hippogriff
  6775 | D:7      | Killed a hippogriff
  7499 | D:8      | Found a burning altar of Makhleb.
  7499 | D:8      | Noticed Psyche
  7511 | D:8      | Killed Psyche
  7511 | D:8      | Reached XP level 10. HP: 38/54 MP: 7/10
  7547 | D:8      | Reached skill level 14 in Slings
  7772 | D:8      | Found a sacrificial altar of Ru.
  7772 | D:8      | Found a glowing golden altar of the Shining One.
  7777 | D:8      | Found a bloodstained altar of Trog.
  7779 | D:8      | Found a faded altar of an unknown god.
  7781 | D:8      | Found a faded altar of an unknown god.
  7809 | D:8      | Found an ornate altar of the Wu Jian Council.
  7813 | D:8      | Reached *** piety under Hepliaklqana
  8613 | D:9      | Noticed Maurice
  8626 | D:9      | Killed Maurice
  9093 | D:9      | Found an opulent altar of Gozag.
  9096 | D:9      | Found a hide-covered altar of Uskayaw.
  9100 | D:9      | Found an ancient bone altar of Kikubaaqudgha.
  9103 | D:9      | Reached **** piety under Hepliaklqana
  9416 | D:10     | Entered Level 10 of the Dungeon
  9515 | D:10     | Noticed Nergalle
  9536 | D:10     | Killed Nergalle
  9603 | D:10     | Reached XP level 11. HP: 42/61 MP: 11/11
  9870 | D:10     | Found a staircase to the Lair.
 10278 | D:10     | Reached ***** piety under Hepliaklqana
 10340 | D:10     | Reached skill level 10 in Short Blades
 10363 | D:10     | Noticed Sonja
 10385 | D:10     | Killed Sonja
 10385 | D:10     | Reached skill level 5 in Shields
 10715 | D:11     | Noticed Erica
 10728 | D:11     | Killed Erica
 10819 | D:11     | Found Borphahi's Distillery.
 10822 | D:11     | Bought a potion of heal wounds for 75 gold pieces
 10822 | D:11     | Bought a potion of curing for 45 gold pieces
 10829 | D:11     | Bought a potion of heal wounds for 75 gold pieces
 10829 | D:11     | Bought a potion of heal wounds for 75 gold pieces
 10974 | D:11     | Noticed a green ugly thing
 10995 | D:11     | Found a staircase to the Orcish Mines.
 10997 | D:11     | Noticed no0bjke's ghost (journeyman GrFi)
 11092 | D:11     | Noticed Josephine
 11094 | D:11     | Reached skill level 5 in Fighting
 11099 | D:11     | Killed Josephine
 11325 | D:11     | Killed no0bjke's ghost
 11325 | D:11     | Reached XP level 12. HP: 31/69 MP: 12/12
 13105 | D:11     | Bought a potion of curing for 45 gold pieces
 13105 | D:11     | Bought a potion of curing for 45 gold pieces
 13105 | D:11     | Bought a potion of curing for 45 gold pieces
 13415 | Lair:1   | Entered Level 1 of the Lair of Beasts
 13611 | Lair:1   | Noticed Joseph
 13624 | Lair:1   | Killed Joseph
 14031 | Lair:1   | Reached skill level 1 in Invocations
 14085 | Lair:1   | Found a frozen archway.
 14094 | IceCv    | Entered an ice cave
 15730 | Lair:2   | Reached XP level 13. HP: 81/81 MP: 16/16
 15970 | Lair:2   | Reached skill level 10 in Fighting
 16683 | Lair:2   | Noticed a catoblepas
 16703 | Lair:2   | Reached skill level 5 in Invocations
 16723 | Lair:2   | Killed a catoblepas
 18752 | Lair:4   | Found a dark tunnel.
 18764 | Volcano  | Entered a volcano
 18928 | Volcano  | Found a bloodstained altar of Trog.
 18940 | Volcano  | Noticed a stone giant
 19364 | Volcano  | Noticed magipi's ghost (journeyman BuBe)
 19390 | Volcano  | Killed magipi's ghost
 19918 | Volcano  | Killed a stone giant
 19918 | Volcano  | Reached XP level 14. HP: 26/92 MP: 19/19
 20213 | Volcano  | Got a fine hat
 20214 | Volcano  | Identified the cursed +0 hat of Valiance {Dex+4} (You found it in a volcano)
 20245 | Volcano  | Reached skill level 10 in Dodging
 20245 | Volcano  | Reached XP level 15. HP: 98/98 MP: 19/21
 20497 | Lair:4   | Found a staircase to the Swamp.
 20520 | Lair:4   | Found a staircase to the Snake Pit.
 21855 | Lair:5   | Reached ****** piety under Hepliaklqana
 21932 | Lair:5   | Reached skill level 10 in Invocations
 22739 | Lair:6   | Entered Level 6 of the Lair of Beasts
 23462 | Lair:6   | Found a viscous altar of Jiyva.
 23463 | Lair:6   | Found a staircase to the Slime Pits.
 23914 | Lair:6   | Reached skill level 15 in Slings
 24249 | Lair:6   | HP: 5/102 [death yak (18)]
 24250 | Lair:6   | Demolished by a death yak

Vault maps used:
D:1:      dpeg_arrival_boxorama
D:2:      minmay_wonky_spiral, lemuel_round_altar, grunt_temple_overflow_open,
          first_bread
D:4:      cheibrodos_thug_alley, corexii_corridor_pit
D:5:      grunt_dithmenos_smoke, minmay_temple_entry_fiery, grunt_ministairs_3,
          minmay_guarded_unrand_staff_of_olgreb
D:6:      gammafunk_temple_overflow_wave, nicolae_ru_the_path_less_chosen,
          uniq_edmund, uniq_eustachio
D:7:      kennysheep_potato, uniq_duvessa
D:8:      nicolae_overflow_crystal_walls, chequers_temple_overflow_minitemple,
          basic_altar, uniq_psyche
D:9:      minitemple, uniq_maurice
D:10:     lair_entry_dummy, uniq_nergalle, uniq_sonja
D:11:     erik_orc_1, serial_shops, nicolae_shop_trees,
          hangedman_little_slice_of_home, uniq_erica, uniq_josephine
Lair:1:   portal_ice_cave_entry_pillars_2, uniq_joseph
Lair:2:   wad_woods_minihive, grunt_megastairs_2
Lair:3:   regret_index_harrowing_hell_hive
Lair:4:   swamp_mist, dummy_snake_entry, lab_entry_generic, special_room,
          enter_volcano_3
Lair:5:   cheibrodos_magma_flow, lemuel_fruit_tree, grunt_megastairs_3
Lair:6:   due_jungle_book, dpeg_slime_entry_enclosed_altar, minmay_lindwurm_lava
IceCv:    ice_cave_caverns_02
Volcano:  volcano_lake

Skill      XL: |  1  2  3  4  5  6  7  8  9 10 11 12 13 14 15 |
---------------+----------------------------------------------+-----
Slings         | 6 7 8 9 10 11 13 14 15 | 15.3
Dodging        | 3 4 5 6 7 8 9 10 | 10.0
Short Blades   | 1 4 6 9 11 12 | 12.0
Fighting       | 3 5 9 12 14 | 14.3
Shields        | 2 7 |  7.1
Invocations    | 4 7 8 10 | 10.7
Armour         | 3 |  3.2
Stealth        | |  1.1

Action                   |  1- 3 |  4- 6 |  7- 9 | 10-12 | 13-15 || total
-------------------------+-------+-------+-------+-------+-------++-------
Melee: Short sword       |    26 |       |       |       |       ||    26
       Dagger            |       |       |   113 |   451 |   443 ||  1007
 Fire: Hunting sling     |    56 |   149 |   304 |   491 |   658 ||  1658
Throw: Stone             |     5 |       |       |     3 |       ||     8
Invok: Ancestor Life: Ba |       |       |     1 |       |       ||     1
       Recall Ancestor   |       |       |     1 |     1 |     2 ||     4
       Idealise          |       |       |       |     1 |     1 ||     2
       Transference      |       |       |       |       |     1 ||     1
 Abil: Evoke Berserk Rag |       |       |       |       |     1 ||     1
Evoke: Wand              |       |       |       |     7 |     5 ||    12
  Use: Scroll            |     2 |     1 |    11 |     7 |    10 ||    31
       Potion            |       |       |       |     8 |    14 ||    22
 Stab: Sleeping          |       |       |       |     3 |     3 ||     6
       Distracted        |       |       |       |     1 |       ||     1
       Paralysed         |       |       |       |     1 |       ||     1
  Eat: Chunk             |     1 |     6 |    12 |    23 |    15 ||    57
       Royal jelly       |       |       |       |     1 |       ||     1
       Bread ration      |       |       |       |       |     2 ||     2
       Fruit             |       |       |       |       |     1 ||     1
Armor: Leather armour    |     6 |     2 |    11 |    12 |    25 ||    56
Dodge: Dodged            |    37 |    30 |   114 |   275 |   283 ||   739
Block: Buckler           |       |       |       |   163 |   171 ||   334
